 Dungeon Crawl Stone Soup version 0.30-a0-757-ga6a79fd877 (webtiles) character file.

Game seed: 2384122633380043966

18305 Aneyh the Warrior (level 12, -20/82 HPs)
             Began as a Tengu Monk on Feb 9, 2023.
             Was an Elder of Hepliaklqana.
             Killed from afar by Azrael (21 damage)
             ... with a fireball
             ... on level 12 of the Dungeon.
             The game lasted 00:37:48 (13303 turns).

Aneyh the Warrior (Tengu Monk)                     Turns: 13303, Time: 00:37:48

Health: -20/82     AC:  5    Str: 27    XL:     12   Next: 57%
Magic:  13/13      EV: 15    Int: 10    God:    Hepliaklqana [****..]
Gold:   609        SH:  0    Dex: 19    Spells: 11/11 levels left

rFire   + . .      SeeInvis .    a - +0 morningstar (heavy)
rCold   + . .      Faith    .    (no shield)
rNeg    + . .      Spirit   .    G - +1 acid dragon scales
rPois   +          Reflect  .    q - -2 hat of the Alchemist {rElec rPois rF+ rC+ rN+ Will+ rMut rCorr}
rElec   +          Harm     .    (no cloak)
rCorr   +          Rampage  .    (no gloves)
rMut    +                        (boots unavailable)
Will    +....                    C - amulet of the acrobat
Stlth   ++                       m - +6 ring of strength
HPRegen 0.33/turn                K - +6 ring of strength
MPRegen 0.13/turn

@: flying quickly and evasively, quick
A: reduced essence, beak, talons 3, nimble flight
a: Renounce Religion, Recall Ancestor, Ancestor Identity, Transference, Idealise


You were on level 12 of the Dungeon.
You worshipped Hepliaklqana.
Hepliaklqana was greatly pleased with you.
You visited 2 branches of the dungeon, and saw 13 of its levels.
You also visited: Bailey.

You collected 609 gold pieces.

Inventory:

Hand Weapons
 a - a +0 heavy morningstar (weapon)
 b - a +0 arbalest
 e - a +2 lajatang of venom
 j - the +7 staff of the Meek {protect, meekguard}
   (You found it on level 8 of the Dungeon)
 l - a +0 glaive
 w - a +0 longbow
 F - a +6 long sword
 J - a +3 rapier of holy wrath
 O - a +0 great mace
 Q - a +0 trident
 R - a +0 great sword
Missiles
 H - 2 atropa-tipped darts
 M - 2 throwing nets
Armour
 q - the -2 hat of the Alchemist (worn) {rElec rPois rF+ rC+ rN+ Will+ rMut rCorr}
   (You acquired it on level 8 of the Dungeon)

   rF:        It protects you from fire.
   rC:        It protects you from cold.
   rElec:     It insulates you from electricity.
   rPois:     It protects you from poison.
   rN:        It protects you from negative energy.
   rCorr:     It protects you from acid and corrosion.
   rMut:      It protects you from mutation.
   Will:      It increases your willpower.
 z - a +2 scale mail of poison resistance
 E - a +2 pair of gloves
 G - +1 acid dragon scales (worn)
Jewellery
 f - a ring of poison resistance
 m - a +6 ring of strength (left hand)
 A - a +6 ring of dexterity
 C - an amulet of the acrobat (around neck)
 K - a +6 ring of strength (right hand)
 W - a +5 ring of evasion
Wands
 B - a wand of acid (6)
 D - a wand of mindburst (5)
 N - a wand of iceblast (6)
 U - a wand of charming (8)
Scrolls
 g - 8 scrolls of teleportation
 i - 2 scrolls of fog
 o - 7 scrolls of enchant weapon
 p - 3 scrolls of amnesia
 v - 5 scrolls of immolation
 y - 3 scrolls of poison
 I - a scroll of brand weapon
 L - a scroll of blinking
 P - 6 scrolls of identify
 T - a scroll of fear {unknown}
 X - a scroll of magic mapping {unknown}
 Y - a scroll of silence
Potions
 c - a potion of ambrosia
 d - a potion of degeneration {unknown}
 h - a potion of might {unknown}
 k - a potion of haste
 n - 4 potions of heal wounds
 r - 5 potions of mutation {unknown}
 s - a potion of cancellation {unknown}
 t - 3 potions of curing
 u - 5 potions of attraction {unknown}
 x - 5 potions of brilliance {unknown}
 S - a potion of invisibility {unknown}
 V - a potion of lignification {unknown}


   Skills:
 + Level 17.7 Fighting
 - Level 9.0 Maces & Flails
 - Level 3.2 Polearms
 - Level 5.0 Ranged Weapons
 - Level 3.2 Dodging
 - Level 2.0 Stealth
 * Level 3.2 Summonings


You had 11 spell levels left.
You didn't know any spells.
Your spell library contained the following spells:

 Spells                   Type           Power      Damage    Failure   Level
 Magic Dart               Conj           0%         1d3       43%         1
 Slow                     Hex            0%         N/A       43%         1
 Lesser Beckoning         Tloc           0%         N/A       56%         2
 Searing Ray              Conj           0%         2d4       56%         2
 Confusing Touch          Hex            0%         N/A       80%         3
 Dazzling Flash           Conj/Hex       0%         N/A       80%         3
 Gell's Gravitas          Tloc           0%         N/A       80%         3
 Teleport Other           Tloc           0%         N/A       80%         3
 Vampiric Draining        Necr           0%         2d6       80%         3
 Summon Lightning Spire   Summ/Air       3%         N/A       94%         4
 Airstrike                Air            0%         2d(0-16)  99%         4
 Fulminant Prism          Conj/Hex       0%         3d5       99%         4
 Agony                    Necr           0%         N/A       100%        5
 Lightning Bolt           Conj/Air       0%         1d11      100%        5
 Silence                  Hex/Air        0%         N/A       100%        5


Dungeon Overview and Level Annotations

Branches:
Dungeon (12/15)            Temple (1/1) D:6            Lair (0/5) D:11
    Orc (0/2) D:12         Bailey (visited)

Altars:
Ashenzari
Cheibriados
Dithmenos
Elyvilon
Fedhas
Gozag
Hepliaklqana
Kikubaaqudgha
Makhleb
Nemelex Xobeh
Okawaru
Qazlal
Ru
Sif Muna
Trog
Uskayaw
Vehumet
Wu Jian
Xom
Yredelemnul
Zin
The Shining One

Shops:
D:7 (

Annotations:
D:8 1 runed translucent door, Valamore's ghost, novice MiCA
D:11 exclusion: oklob plant
D:12 Azrael


Innate Abilities, Weirdness & Mutations

Your life essence is reduced to manifest your ancestor. (-10% HP)
You have a beak for a mouth.
You have claws for feet.
Your magical nature lets you fly swiftly and evasively.


Message History

You closely miss the yak. You claw the yak! You peck the yak!
The yak is almost dead.
The yak misses you.
You hit the yak. Your kick misses the yak.
The yak is almost dead.
The yak gores you! The yak gores you.
You barely miss the yak.
The yak is almost dead.
The yak gores you!
You are too injured to fight recklessly!
You impale the yak!!
You kill the yak!
You start resting.
HP restored.
There is an open door, spattered with blood here.
Things that are here:
a yak corpse; a yak corpse; a yak corpse The hell hound barks!
There is an open door, spattered with blood here.
Things that are here:
a yak corpse; a yak corpse; a yak corpse Azrael gestures at you.
The sphere of damnation explodes!
The damnation engulfs you!!!
Ouch! That really hurt!
The damnation engulfs Azrael.
Azrael completely resists.
You puncture Azrael! You claw Azrael!
Azrael is moderately wounded.
The hell hound breathes flames at you.
The blast of flame hits the hell hound.
The hell hound completely resists.
The blast of flame hits you! You resist. The hell hound breathes flames at you.
The blast of flame misses you. Azrael gestures at you.
The sphere of damnation explodes!
The damnation engulfs you!!
* * * LOW HITPOINT WARNING * * *
The damnation engulfs Psammuthes!!
The damnation engulfs Azrael.
Azrael completely resists.
Azrael gestures at you.
The fireball explodes!
The fireball engulfs you!! You resist.
You die...

###.......# ###§E☼°....
# #####†### ###h..°°. #
#.# .°○°☼○ # #.## ##☼###
#..# E☼☼# ##.# ##'######
#.# #h.......
#######'#######R.......
##......).##...†@R......
##........'..###.....?..
.'........#### #........
##........# #........
###+###### ###+##### #.#
#.# #.## #.# #..# #.# #
##..# #.#


You could see the friendly Psammuthes the battlemage, Azrael (ally target), a
fire elemental and a hell hound (catching breath).

Vanquished Creatures
  A centaur warrior (D:12)
  2 boulder beetles
  A two-headed ogre (D:10)
  A cyclops (D:6)
  A kobold demonologist (D:9)
  Maggie (D:6)
  A hornet (D:9)
  2 trolls
  A shadow (D:11)
  3 spriggans (Bailey)
  Sigmund (D:2)
  16 yaks
  2 vampire mosquitoes (D:11)
  3 black bears
  An ice beast (D:6)
  A sky beast (D:6)
  2 ogres (Bailey)
  2 centaurs
  2 kobold brigands
  A phantom (D:5)
  A gnoll sergeant (D:10)
  A scorpion (D:4)
  14 wights
  2 killer bees (D:7)
  A vampire bat (D:10)
  2 hounds
  A jelly (D:5)
  5 orc priests
  A gnoll bouda (D:7)
  6 orc wizards
  An iguana (D:7)
  18 gnolls
  13 adders
  2 shadow imps (D:6)
  A white imp (D:6)
  3 ufetubi
  2 worms (D:2)
  3 dart slugs
  30 orcs
  9 ball pythons
  5 bats
  2 bat skeletons (D:10)
  A bat zombie (D:10)
  9 endoplasms
  6 giant cockroaches
  10 hobgoblins
  8 jackals
  8 kobolds
  2 quokkas
  6 frilled lizards
  10 goblins
  6 rats
234 creatures vanquished.

Vanquished Creatures (collateral kills)
  A rakshasa (D:12)
  2 two-headed ogres
  A deep elf pyromancer (D:12)
  2 ugly things
  A gargoyle (D:11)
  A troll (D:10)
  3 spriggans (Bailey)
  2 wyverns
  A wraith (D:9)
  3 steam dragons
  7 yaks
  A water moccasin (D:6)
  3 orc warriors
  7 ogres
  A centaur (D:10)
  2 bullfrogs
  3 kobold brigands
  A necrophage (D:6)
  A scorpion (D:6)
  10 wights
  2 killer bees (D:7)
  A vampire bat (D:10)
  A gnoll bouda (D:7)
  An orc priest (D:9)
  5 jellies
  An iguana (D:6)
  2 orc wizards
  8 gnolls
  2 adders (D:6)
  An ufetubus (D:6)
  14 orcs
  2 bat skeletons (D:10)
  A goblin (D:8)
  2 kobolds
96 creatures vanquished.

Vanquished Creatures (others)
  9 battlemagi
9 creatures vanquished.

Grand Total: 339 creatures vanquished

Notes
Turn   | Place    | Note
-------+----------+-------------------------------------------
     0 | D:1      | Aneyh the Tengu Monk began the quest for the Orb.
     0 | D:1      | Reached XP level 1. HP: 14/14 MP: 2/2
    79 | D:1      | Reached XP level 2. HP: 19/19 MP: 3/3
   462 | D:1      | Reached skill level 4 in Fighting
   477 | D:1      | Reached XP level 3. HP: 14/24 MP: 4/4
  1571 | D:2      | Reached XP level 4. HP: 25/30 MP: 5/5
  1617 | D:2      | Noticed Sigmund
  1627 | D:2      | Killed Sigmund
  1628 | D:2      | Reached skill level 6 in Fighting
  1628 | D:2      | Gained mutation: Your magical nature lets you fly swiftly
                  | and evasively. [Tengu growth]
  1628 | D:2      | Reached XP level 5. HP: 25/37 MP: 6/6
  2042 | D:2      | Reached XP level 6. HP: 42/42 MP: 7/7
  2364 | D:3      | Reached skill level 7 in Fighting
  3007 | D:4      | Noticed a black bear
  3121 | D:3      | Killed a black bear
  3122 | D:3      | Reached XP level 7. HP: 24/48 MP: 8/8
  3403 | D:4      | Reached skill level 8 in Fighting
  3547 | D:5      | Entered Level 5 of the Dungeon
  4276 | D:6      | Found a staircase to the Ecumenical Temple.
  4277 | D:6      | Noticed Maggie
  4294 | D:6      | HP: 1/50 [Maggie/+0 heavy morningstar (20)]
  4297 | D:6      | Killed Maggie
  4298 | D:6      | Reached skill level 9 in Fighting
  4298 | D:6      | Reached skill level 1 in Ranged Weapons
  4298 | D:6      | Reached XP level 8. HP: 2/56 MP: 9/9
  4305 | Temple   | Entered the Ecumenical Temple
  4579 | Temple   | Became a worshipper of Hepliaklqana the Forgotten
  4579 | Temple   | Reached * piety under Hepliaklqana
  4579 | Temple   | Reached ** piety under Hepliaklqana
  4580 | Temple   | Remembered your ancestor Psammuthes as a battlemage
  4666 | D:6      | Reached skill level 10 in Fighting
  4844 | D:6      | Noticed a wyvern
  5217 | D:6      | Reached skill level 1 in Maces & Flails
  5288 | D:6      | Reached skill level 5 in Ranged Weapons
  5493 | D:6      | Killed a wyvern
  5494 | D:6      | Reached XP level 9. HP: 30/55 MP: 10/10
  5502 | D:6      | Reached skill level 5 in Maces & Flails
  5602 | D:6      | Noticed a cyclops
  5607 | D:6      | Killed a cyclops
  6968 | D:7      | Reached XP level 10. HP: 38/61 MP: 11/11
  7097 | D:7      | Reached skill level 11 in Fighting
  7401 | D:7      | Found Icwism's Weapon Shop.
  8000 | D:8      | Reached *** piety under Hepliaklqana
  8026 | D:8      | Identified a scroll of acquirement
  8026 | D:8      | Acquired the -2 hat of the Alchemist {rElec rPois rF+ rC+
                  | rN+ Will+ rMut rCorr}
  8026 | D:8      | Found the -2 hat of the Alchemist {rElec rPois rF+ rC+ rN+
                  | Will+ rMut rCorr}
  8132 | D:8      | Found a flagged portal.
  8144 | Bailey   | Entered a bailey
  8218 | Bailey   | Reached skill level 12 in Fighting
  8316 | Bailey   | Noticed a two-headed ogre
  8319 | Bailey   | Killed a two-headed ogre
  8320 | Bailey   | Reached skill level 13 in Fighting
  8439 | Bailey   | Reached XP level 11. HP: 70/70 MP: 12/12
  8724 | D:8      | Found the +7 staff of the Meek {protect, meekguard}
  8849 | D:8      | You are sucked into a shaft and drop 1 floor!
  8939 | D:8      | Found a runed translucent door.
  8943 | D:8      | Noticed Valamore's ghost (novice MiCA)
  9135 | D:8      | Found a bloodstained altar of Trog.
  9143 | D:8      | Found a stormy altar of Qazlal.
  9148 | D:8      | Found a glowing silver altar of Zin.
  9155 | D:8      | Found a shimmering altar of Xom.
  9161 | D:8      | Found a blossoming altar of Fedhas.
  9169 | D:8      | Found a sacrificial altar of Ru.
  9174 | D:8      | Found a shadowy altar of Dithmenos.
  9310 | D:9      | Reached skill level 14 in Fighting
  9532 | D:9      | Noticed a two-headed ogre
  9537 | D:9      | Killed a two-headed ogre
 10080 | D:9      | Reached **** piety under Hepliaklqana
 10188 | D:9      | Paralysed by a hornet for 1 turns
 10299 | D:10     | Entered Level 10 of the Dungeon
 10445 | D:10     | Reached skill level 15 in Fighting
 10998 | D:10     | Found an ancient bone altar of Kikubaaqudgha.
 11049 | D:10     | Noticed a two-headed ogre
 11117 | D:10     | Killed a two-headed ogre
 11118 | D:10     | Reached skill level 16 in Fighting
 11441 | D:11     | Noticed a boulder beetle
 11450 | D:11     | Killed a boulder beetle
 11451 | D:11     | Reached XP level 12. HP: 46/81 MP: 13/13
 11778 | D:11     | Found a staircase to the Lair.
 12003 | D:12     | Reached skill level 17 in Fighting
 12053 | D:12     | Noticed a centaur warrior
 12064 | D:12     | Killed a centaur warrior
 12065 | D:12     | Reached skill level 1 in Summonings
 12366 | D:12     | Found a staircase to the Orcish Mines.
 12491 | D:12     | Noticed a rakshasa
 12496 | D:12     | Noticed a boulder beetle
 12498 | D:12     | Killed a rakshasa
 12519 | D:12     | Killed a boulder beetle
 12686 | D:12     | Noticed Azrael
 13303 | D:12     | HP: 1/82 [Azrael/damnation (30)]
 13303 | D:12     | Killed from afar by Azrael

Illustrated notes

Levels and vault maps discovered:
D:1:      shiori_shiawase, layout_basic, serial_park_tiny_1
D:2:      layout_loops_ring, dk_vineyard_1, uniq_sigmund
D:3:      layout_loops_ring, chequers_serial_rivers_micro_a, st_stairs_5,
          minmay_diced_spiral
D:4:      layout_rooms
D:5:      layout_rooms, nicolae_half_adder
D:6:      wad_guarded_room, layout_layer_cave, minmay_temple_entry_junction_2,
          uniq_maggie
D:7:      layout_loops_cross, serial_shops, nicolae_shop_bloodbath_and_beyond,
          kennysheep_path_1, minmay_misc_feat_pillars,
          kennysheep_decorative_pillar
D:8:      layout_gridville, grunt_temple_overflow_octagram,
          ebering_ghost_reflecting_pool, lightli_bailey_entry_fortress,
          minivault_11, reono_crystal_passage
D:9:      layout_cave_pools, kb_lookout_dungeons_type
D:10:     layout_small_grid, kennysheep_vampire_church
D:11:     layout_rooms, dpeg_oklobed_lair
D:12:     layout_roguey, david_orc_2, uniq_azrael
Temple:   nicolae_temple_great_sept

Skill      XL: |  1  2  3  4  5  6  7  8  9 10 11 12 |
---------------+-------------------------------------+-----
Fighting       | 4 6 7 9 10 13 16 17 | 17.7
Ranged Weapons | 1 5 |  5.0
Maces & Flails | 4 8 9 |  9.0
Summonings     | 3 |  3.2
Polearms       | |  3.2
Dodging        | |  3.2
Stealth        | |  2.0

Action                     |  1- 3 |  4- 6 |  7- 9 | 10-12 || total
---------------------------+-------+-------+-------+-------++-------
  Melee: Spear             |    98 |       |     3 |       ||   101
         Kick              |    18 |    35 |    32 |    37 ||   122
         Peck              |    11 |    10 |    17 |    32 ||    70
         Rapier            |     4 |   114 |    64 |       ||   182
         Punch             |       |     1 |     1 |     3 ||     5
         Long sword        |       |       |     6 |       ||     6
         Morningstar       |       |       |    22 |   118 ||   140
         Glaive            |       |       |       |     8 ||     8
   Fire: Longbow           |       |       |    82 |   111 ||   193
         Arbalest          |       |       |       |    88 ||    88
 Invoke: Ancestor Life: Ba |       |       |     1 |       ||     1
    Use: Scroll            |     1 |     2 |       |    14 ||    17
         Potion            |       |       |     1 |       ||     1
   Stab: Sleeping          |     4 |    11 |     2 |     1 ||    18
         Distracted        |       |       |       |     7 ||     7
 Armour: Robe              |    12 |    16 |     3 |       ||    31
         Acid dragon scale |       |       |    11 |    35 ||    46
  Dodge: Dodged            |    55 |    69 |    97 |   145 ||   366

Table legend: (Time is in decaauts)
 A = Elapsed time spent in this place.
 B = Non-inter-level travel time spent in this place.
 C = Inter-level travel time spent in this place.
 D = Time resting spent in this place.
 E = Time spent auto-exploring this place.
 F = Levels seen in this place.
 G = Mean time per level.
                   A        B        C        D        E       F      G
               +--------+--------+--------+--------+--------+-----+--------+
         Total |  12957 |  12723 |    234 |   4879 |   5323 |  14 |  925.5 |
       Dungeon |  12001 |  11778 |    223 |   4200 |   5221 |  12 | 1000.1 |
        Temple |    432 |    422 |     10 |    317 |     57 |   1 |  432.0 |
        Bailey |    523 |    523 |      0 |    362 |     44 |   1 |  523.0 |
               +--------+--------+--------+--------+--------+-----+--------+

Top non-repeatable levels by time:
     D:6: 2219 daAuts
    D:12: 1302 daAuts
     D:1: 1101 daAuts
    D:10: 1054 daAuts
     D:8: 1025 daAuts
     D:7: 1021 daAuts
     D:3: 968 daAuts
     D:2: 942 daAuts
     D:9: 745 daAuts
     D:5: 609 daAuts
    D:11: 577 daAuts
  Bailey: 523 daAuts
     D:4: 433 daAuts
  Temple: 432 daAuts
